[Event "African Online-ch U20-Open 2021"]
[Site "Online"]
[Date "2021.02.01"]
[Round "2.7"]
[White "Mohamed Aly, Karim"]
[Black "Vasco Mateus Felizardo Viageir"]
[Result "0-1"]
[ECO "E21"]
[WhiteElo "1585"]
[BlackElo "1862"]
[Annotator "NA RC"]
[PlyCount "118"]
[EventDate "2021.02.01"]
[EventType "swiss"]
[EventCountry "NET"]
[SourceTitle "playchess.com"]
[Source "ChessBase"]
[SourceQuality "1"]
[TimeControl "1500+10"]

1. d4 Nf6 2. c4 e6 3. Nf3 Bb4+ 4. Nc3 O-O 5. Bg5 h6 6. Bh4 d5 7. e3 Nbd7 8. Bd3 c6 9. O-O dxc4 10. Bxc4 b5 11. Be2 Bb7 12. Qc2 a6 13. Rfd1 Qb6 14. a3 Bxc3 15. Qxc3 Nd5 16. Qc2 c5 17. dxc5 Nxc5 18. Rac1 Rfc8 19. Qb1 Nb3 20. Rxc8+ Rxc8 21. Nd4 Na5 22. Rc1 Nc4 23. Bg3 e5 24. Bxc4 exd4 25. Bxd5 Rxc1+ 26. Qxc1 Bxd5 27. Qc8+ Kh7 28. Qf5+ Qg6 29. Qxg6+ Kxg6 30. exd4 Kf5 31. f3 Ke6 32. Kf2 Bc4 33. Ke3 Bf1 34. Kf2 Bc4 35. Bf4 Kd5 36. Be3 Bd3 37. g3 Kc4 38. Ke1 Bf5 39. Kd2 Be6 40. h4 Bd5 41. f4 h5 42. Bf2 Be4 43. Kc1 Kd3 44. Kd1 Bf3+ 45. Kc1 Ke2 46. Bg1 Kf1 47. Be3 Kg2 48. Kd2 Kxg3 49. Kc3 Kxh4 50. Kb4 Kg3 51. Kc5 h4 52. d5 h3 53. d6 Bg4 54. f5 Bxf5 55. Bd4 h2 56. Be5+ Kg2 57. Bxh2 Kxh2 58. Kc6 g5 59. d7 Bxd7+ 0-1

[Event "African Online-ch U20-Open 2021"]
[Site "Online"]
[Date "2021.02.01"]
[Round "2.8"]
[White "Mohamed Abderrahim, Taleb Mohamed"]
[Black "Palmer, Reegan"]
[Result "1-0"]
[ECO "C47"]
[WhiteElo "1799"]
[BlackElo "1325"]
[Annotator "NA RC"]
[PlyCount "69"]
[EventDate "2021.02.01"]
[EventType "swiss"]
[EventCountry "NET"]
[SourceTitle "playchess.com"]
[Source "ChessBase"]
[SourceQuality "1"]
[TimeControl "1500+10"]

1. e4 e5 2. Nf3 Nc6 3. Nc3 d6 4. d4 exd4 5. Nxd4 Nf6 6. Be3 Bg4 7. f3 Bh5 8. Bb5 Qd7 9. Nd5 a6 10. Nxf6+ gxf6 11. Ba4 b5 12. Bb3 Ne5 13. a4 c5 14. Nf5 c4 15. Ba2 Rg8 16. Ng3 Bg6 17. Qd5 Qc6 18. Qxc6+ Nxc6 19. O-O h5 20. Bb1 O-O-O 21. axb5 axb5 22. c3 Be7 23. Bc2 Kb7 24. Ne2 d5 25. Nd4 Bc5 26. exd5 Rxd5 27. Be4 Bxd4 28. cxd4 Bxe4 29. fxe4 Rd6 30. d5 Ne5 31. Ra7+ Kb8 32. Rfa1 Rc8 33. R1a5 b4 34. Rb5+ Rb6 35. Bxb6 1-0

[Event "African Online-ch U20-Open 2021"]
[Site "Online"]
[Date "2021.02.01"]
[Round "2.10"]
[White "Bidi, Abdeljalil"]
[Black "Darius Patlo Banda"]
[Result "1-0"]
[ECO "C55"]
[WhiteElo "1750"]
[BlackElo "1369"]
[Annotator "NA RC"]
[PlyCount "105"]
[EventDate "2021.02.01"]
[EventType "swiss"]
[EventCountry "NET"]
[SourceTitle "playchess.com"]
[Source "ChessBase"]
[SourceQuality "1"]
[TimeControl "1500+10"]

1. e4 e5 2. Nf3 Nc6 3. Bc4 Nf6 4. d3 Be7 5. O-O O-O 6. Nc3 d6 7. h3 a6 8. d4 exd4 9. Nxd4 Ne5 10. Be2 c5 11. Nf3 b5 12. Bg5 Bb7 13. Nxe5 dxe5 14. Bxf6 Bxf6 15. f3 Qd4+ 16. Qxd4 exd4 17. Nd1 Rfd8 18. Nf2 d3 19. Nxd3 c4 20. Nf2 Bxb2 21. Rab1 Bd4 22. Bxc4 Bxe4 23. Bxf7+ Kxf7 24. fxe4 Rac8 25. Rbc1 Be3 26. Rce1 Bd2 27. Re2 Rxc2 28. Nd3+ Kg8 29. Nb4 Rb2 30. Nc6 Re8 31. e5 Bc3 32. Rxb2 Bxb2 33. Re1 Ba3 34. Kf2 Kf7 35. Kf3 Ke6 36. Ke4 Bb2 37. Rd1 Ba3 38. Rd3 Bc5 39. Rd5 Ba3 40. Nd4+ Ke7 41. Nf5+ Kf8 42. Nd6 Rd8 43. Rd3 Bb4 44. Kd5 Ke7 45. Re3 Rd7 46. a3 Bd2 47. Rf3 Ba5 48. Rf7+ Kd8 49. Rf8+ Kc7 50. Rc8+ Kb6 51. Rc6+ Ka7 52. e6 Re7 53. Nc8+ 1-0

[Event "African Online-ch U20-Open 2021"]
[Site "Online"]
[Date "2021.02.01"]
[Round "2.11"]
[White "Potgieter, Edward"]
[Black "Celso Andre Manjate"]
[Result "0-1"]
[ECO "C01"]
[WhiteElo "1229"]
[BlackElo "1721"]
[Annotator "NA RC"]
[PlyCount "132"]
[EventDate "2021.02.01"]
[EventType "swiss"]
[EventCountry "NET"]
[SourceTitle "playchess.com"]
[Source "ChessBase"]
[SourceQuality "1"]
[TimeControl "1500+10"]

1. e4 e6 2. d4 d5 3. exd5 exd5 4. Bd3 Bd6 5. Nf3 Nf6 6. O-O O-O 7. h3 c6 8. Nc3 Be6 9. Re1 Qc8 10. Ne2 Qc7 11. c3 Nbd7 12. Ng5 h6 13. Nxe6 fxe6 14. Be3 e5 15. dxe5 Bxe5 16. Nd4 Rae8 17. Bg6 Re7 18. Nf5 Re6 19. Nd4 Re7 20. Qc2 c5 21. Nf5 Re6 22. Nh4 Bh2+ 23. Kh1 Bd6 24. Bf5 Ree8 25. Ng6 Rf7 26. Nh4 Rfe7 27. Ng6 Rf7 28. g3 Ne4 29. Bxe4 Rxe4 30. Nf4 Qc6 31. Rad1 d4 32. cxd4 Rxe3+ 33. d5 Rxe1+ 34. Rxe1 Qc8 35. Ne6 Nf6 36. Qc4 b5 37. Qb3 a6 38. Qe3 Nxd5 39. Qe4 Nf6 40. Qe2 Re7 41. f4 Qc6+ 42. Kg1 c4 43. Qd2 Bc5+ 44. Nxc5 Qxc5+ 45. Kf1 Rxe1+ 46. Qxe1 Qd5 47. Kg1 Qe4 48. Qa5 Qe3+ 49. Kg2 Qe2+ 50. Kg1 Qd1+ 51. Kg2 Qc2+ 52. Kg1 Qc1+ 53. Kf2 Qxb2+ 54. Kf3 Qd4 55. Qxa6 Qd3+ 56. Kg2 c3 57. g4 c2 58. Qe6+ Kh7 59. g5 Qe4+ 60. Qxe4+ Nxe4 61. gxh6 c1=Q 62. hxg7 Kxg7 63. f5 Qe3 64. f6+ Kxf6 65. a4 Qg3+ 66. Kh1 Nf2# 0-1

[Event "African Online-ch U20-Open 2021"]
[Site "Online"]
[Date "2021.02.01"]
[Round "2.12"]
[White "Lion, Pierre"]
[Black "Beghriche, Rami Tadjeddine"]
[Result "0-1"]
[ECO "B57"]
[WhiteElo "1586"]
[BlackElo "1783"]
[Annotator "NA RC"]
[PlyCount "56"]
[EventDate "2021.02.01"]
[EventType "swiss"]
[EventCountry "NET"]
[SourceTitle "playchess.com"]
[Source "ChessBase"]
[SourceQuality "1"]
[TimeControl "1500+10"]

1. e4 c5 2. Nf3 Nc6 3. d4 cxd4 4. Nxd4 Nf6 5. Nc3 d6 6. Bc4 Qb6 7. Nb3 e6 8. O-O Be7 9. Be3 Qc7 10. f4 a6 11. a4 d5 12. Bd3 dxe4 13. Nxe4 Nd5 14. Bd2 Ncb4 15. Rf3 Nxd3 16. cxd3 Bd7 17. Kh1 O-O 18. Rc1 Qb8 19. Nd4 Qa7 20. Ne2 Rac8 21. N2c3 Qb6 22. Nxd5 exd5 23. Nc3 Bc6 24. Qe1 d4 25. Ne4 f5 26. Ba5 Qxb2 27. Rf2 Qa3 28. Ng3 Qxc1 0-1

[Event "African Online-ch U20-Open 2021"]
[Site "Online"]
[Date "2021.02.01"]
[Round "2.14"]
[White "Ben Abbes, Ayoub"]
[Black "Wael, Mostafa"]
[Result "1-0"]
[ECO "B01"]
[WhiteElo "1481"]
[BlackElo "1492"]
[Annotator "NA RC"]
[PlyCount "151"]
[EventDate "2021.02.01"]
[EventType "swiss"]
[EventCountry "NET"]
[SourceTitle "playchess.com"]
[Source "ChessBase"]
[SourceQuality "1"]
[TimeControl "1500+10"]

1. e4 d5 2. exd5 Qxd5 3. Nc3 Qd8 4. Bc4 Bf5 5. Nf3 e6 6. d3 Nf6 7. Bg5 Be7 8. h3 h6 9. Bh4 O-O 10. Qd2 c6 11. O-O Re8 12. Rfe1 Nbd7 13. Ne5 Nxe5 14. Rxe5 Nd7 15. Bxe7 Rxe7 16. Re3 Nf6 17. Rae1 Re8 18. Qc1 Qd7 19. Rg3 Bg6 20. Ne4 Nxe4 21. dxe4 Qe7 22. Bd3 Kf8 23. Qf4 Qf6 24. Qxf6 gxf6 25. Kf1 Rad8 26. Rge3 Rd4 27. c3 Rd7 28. Ke2 Red8 29. Rd1 c5 30. Bc2 Rxd1 31. Bxd1 b5 32. Rd3 Ke7 33. Rxd8 Kxd8 34. Ke3 e5 35. a4 a6 36. b4 c4 37. a5 Kc7 38. f4 Kd6 39. Bg4 Kc7 40. h4 Kb8 41. h5 Bh7 42. Bd7 Kc7 43. Be8 Bg8 44. g3 Kd6 45. Kf3 Kc7 46. Kg4 Bh7 47. Bxf7 Bxe4 48. fxe5 fxe5 49. Bg6 Bg2 50. Bc2 Kd6 51. Kf5 Bf1 52. Bd1 Bd3+ 53. Kf6 e4 54. Kg6 e3+ 55. Kxh6 e2 56. Bxe2 Bxe2 57. Kg6 Bd3+ 58. Kg7 Ke5 59. h6 Bf5 60. g4 Bc2 61. g5 Kf4 62. g6 Ke3 63. h7 Bxg6 64. Kxg6 Kd3 65. h8=Q Kc2 66. Qf6 Kb3 67. Qxa6 Kxc3 68. Qxb5 Kb3 69. Qc5 c3 70. b5 Ka4 71. a6 Ka5 72. a7 Ka4 73. Qc4+ Ka3 74. Qxc3+ Ka2 75. a8=R+ Kb1 76. Ra1# 1-0

[Event "African Online-ch U20-Open 2021"]
[Site "Online"]
[Date "2021.02.01"]
[Round "2.15"]
[White "Ofile Masilo"]
[Black "Machinya Desire"]
[Result "0-1"]
[ECO "D86"]
[WhiteElo "1457"]
[BlackElo "1638"]
[Annotator "NA RC"]
[PlyCount "124"]
[EventDate "2021.02.01"]
[EventType "swiss"]
[EventCountry "NET"]
[SourceTitle "playchess.com"]
[Source "ChessBase"]
[SourceQuality "1"]
[TimeControl "1500+10"]

1. d4 Nf6 2. c4 g6 3. Nc3 d5 4. cxd5 Nxd5 5. e4 Nxc3 6. bxc3 Bg7 7. Bc4 O-O 8. Ne2 c6 9. a4 Nd7 10. O-O a6 11. a5 Kh8 12. Bg5 Nf6 13. e5 Nd5 14. Qb3 Qd7 15. Bxd5 cxd5 16. Be3 e6 17. Nc1 Re8 18. Nd3 Bf8 19. f4 Rb8 20. Rf3 Qc7 21. Rh3 b6 22. Rb1 b5 23. Ra1 Bd7 24. Nf2 Rec8 25. Bc1 b4 26. Bd2 bxc3 27. Qxc3 Qa7 28. Qe3 Rc4 29. Ng4 Bg7 30. Rc1 Rxc1+ 31. Bxc1 Rb4 32. Ba3 Rxd4 33. Bc5 Qxc5 34. Nf6 Rd1+ 35. Kf2 Qxe3+ 36. Kxe3 Bxf6 37. exf6 Bb5 38. Kf2 Rd3 39. Rh4 Kg8 40. g4 Ra3 41. f5 exf5 42. gxf5 Bd3 43. Rb4 Bb5 44. Rd4 Rd3 45. Rg4 Rd2+ 46. Ke3 Rxh2 47. Rd4 Re2+ 48. Kf3 Re5 49. fxg6 fxg6 50. Rf4 Kf7 51. Rh4 h5 52. Rh1 Kxf6 53. Rc1 d4 54. Rc8 d3 55. Rf8+ Kg5 56. Rd8 h4 57. Rd6 Bc4 58. Rd4 Rd5 59. Rxc4 d2 60. Rg4+ Kh5 61. Rb4 d1=Q+ 62. Ke3 Qd2+ 0-1

[Event "African Online-ch U20-Open 2021"]
[Site "Online"]
[Date "2021.02.01"]
[Round "2.16"]
[White "Barrani, Adem"]
[Black "Mcligeyo, Robert"]
[Result "0-1"]
[ECO "A45"]
[WhiteElo "1396"]
[BlackElo "1688"]
[Annotator "NA RC"]
[PlyCount "72"]
[EventDate "2021.02.01"]
[EventType "swiss"]
[EventCountry "NET"]
[SourceTitle "playchess.com"]
[Source "ChessBase"]
[SourceQuality "1"]
[TimeControl "1500+10"]

1. d4 Nf6 2. Bg5 Ne4 3. Bf4 d6 4. f3 Nf6 5. e4 g6 6. Nc3 Bg7 7. Qd2 O-O 8. g4 Nc6 9. h4 e5 10. Bh6 exd4 11. Nce2 d5 12. Bxg7 Kxg7 13. h5 dxe4 14. hxg6 fxg6 15. Qh6+ Kg8 16. g5 Nh5 17. Ng3 exf3 18. O-O-O Bg4 19. Nxh5 Bxh5 20. Rxh5 gxh5 21. g6 Qe7 22. Qxh5 Qg7 23. Nxf3 Qxg6 24. Bc4+ Kh8 25. Qh3 Qe4 26. Bd3 Rxf3 27. Qh1 Qf4+ 28. Kb1 Qf7 29. Bxh7 Kg7 30. Rg1+ Kf8 31. Rg8+ Ke7 32. Qh4+ Kd6 33. Qh6+ Kc5 34. b4+ Nxb4 35. Rxa8 Rf1+ 36. Kb2 Qxa2# 0-1

[Event "African Online-ch U20-Open 2021"]
[Site "Online"]
[Date "2021.02.01"]
[Round "2.17"]
[White "Pungo, Honorato"]
[Black "Karania, Hardiv"]
[Result "1-0"]
[ECO "C53"]
[WhiteElo "1550"]
[BlackElo "1317"]
[Annotator "NA RC"]
[PlyCount "115"]
[EventDate "2021.02.01"]
[EventType "swiss"]
[EventCountry "NET"]
[SourceTitle "playchess.com"]
[Source "ChessBase"]
[SourceQuality "1"]
[TimeControl "1500+10"]

1. e4 e5 2. Nf3 Nc6 3. Bc4 Bc5 4. c3 d6 5. d4 exd4 6. cxd4 Bb4+ 7. Bd2 Bxd2+ 8. Nbxd2 Nge7 9. O-O O-O 10. h3 a6 11. a4 Ng6 12. Re1 Be6 13. d5 Nge5 14. dxe6 fxe6 15. Bxe6+ Kh8 16. Bd5 Nxf3+ 17. Nxf3 Qd7 18. b3 Rae8 19. Rc1 Ne5 20. Nxe5 Rxe5 21. Bxb7 Qf7 22. Rf1 a5 23. Bd5 Qd7 24. Qg4 Qe7 25. f4 h5 26. Qg3 h4 27. Qg4 Rxd5 28. exd5 Qe3+ 29. Kh1 Qxb3 30. Rxc7 Qb2 31. Qxh4+ Kg8 32. Qg4 Qf6 33. Qe6+ Qxe6 34. dxe6 Re8 35. f5 d5 36. Rd7 d4 37. Rxd4 Kf8 38. Rd7 Rb8 39. Ra7 Rb4 40. Rxa5 Ke7 41. g4 Kf6 42. Ra7 Rb3 43. Kg2 Rb2+ 44. Rf2 Rb3 45. a5 Ra3 46. a6 Kg5 47. Rxg7+ Kh4 48. Rh7+ Kg5 49. a7 Kf6 50. h4 Ra4 51. g5+ Ke5 52. e7 Rg4+ 53. Kh3 Ra4 54. e8=N Ra3+ 55. Kg2 Ra4 56. Re7+ Kd4 57. Rf4+ Kc3 58. Rxa4 1-0

[Event "African Online-ch U20-Open 2021"]
[Site "Online"]
[Date "2021.02.01"]
[Round "2.18"]
[White "Wael, Abdel Rahman"]
[Black "Belattar, Mohamed Walid"]
[Result "1-0"]
[ECO "A47"]
[WhiteElo "1570"]
[BlackElo "1214"]
[Annotator "NA RC"]
[PlyCount "101"]
[EventDate "2021.02.01"]
[EventType "swiss"]
[EventCountry "NET"]
[SourceTitle "playchess.com"]
[Source "ChessBase"]
[SourceQuality "1"]
[TimeControl "1500+10"]

1. d4 Nf6 2. Bf4 e6 3. e3 b6 4. Nf3 Bb7 5. Nbd2 Nc6 6. c3 Be7 7. Bd3 O-O 8. Ne5 Nxe5 9. dxe5 Ne8 10. Qg4 f5 11. Qh3 g5 12. Qg3 Ng7 13. Bxg5 Bxg5 14. h4 Be7 15. h5 Kh8 16. Nf3 Bxf3 17. gxf3 Rg8 18. Qh3 Ne8 19. O-O-O c6 20. f4 Nc7 21. e4 fxe4 22. Bxe4 Nd5 23. f5 Bg5+ 24. Kb1 Nf4 25. Qf3 Nd5 26. c4 Nc7 27. Bxc6 dxc6 28. Rxd8 Raxd8 29. Qxc6 Rc8 30. Qe4 exf5 31. Qxf5 Rcf8 32. Qd7 Rg7 33. Qd6 Rd8 34. Qc6 Ne8 35. Qe4 Rgd7 36. Qf5 Rg7 37. h6 Rg8 38. f4 Be7 39. Qe6 Bf8 40. f5 Rg3 41. f6 Rg6 42. Qf7 Nxf6 43. exf6 Bxh6 44. Rxh6 Rg1+ 45. Kc2 Rg2+ 46. Kc3 Rg3+ 47. Kb4 a5+ 48. Ka4 b5+ 49. Kxb5 Rg5+ 50. Ka4 Rd7 51. Rxh7# 1-0

[Event "African Online-ch U20-Open 2021"]
[Site "Online"]
[Date "2021.02.01"]
[Round "3.3"]
[White "Beghriche, Rami Tadjeddine"]
[Black "Junior, Domingos"]
[Result "1-0"]
[ECO "E61"]
[WhiteElo "1783"]
[BlackElo "1894"]
[Annotator "NA RC"]
[PlyCount "69"]
[EventDate "2021.02.01"]
[EventType "swiss"]
[EventCountry "NET"]
[SourceTitle "playchess.com"]
[Source "ChessBase"]
[SourceQuality "1"]
[TimeControl "1500+10"]

1. Nf3 Nf6 2. b3 g6 3. Bb2 Bg7 4. d4 O-O 5. e3 d6 6. Be2 Nbd7 7. c4 e5 8. O-O Re8 9. Nc3 c6 10. h3 h6 11. Qc2 Qc7 12. Rfd1 Nf8 13. dxe5 dxe5 14. Ba3 N6d7 15. Bd6 Qd8 16. c5 Ne6 17. Bxe5 Nexc5 18. Bxg7 Kxg7 19. b4 Ne6 20. Ne4 Qe7 21. Qb2+ f6 22. Nh4 Nb6 23. Nd6 Nc7 24. Bh5 Nbd5 25. Qc2 f5 26. Nxe8+ Nxe8 $18 27. Nxg6 Qg5 28. Qc5 Qxh5 29. Qf8+ Kh7 30. Qh8+ Kxg6 31. Qxe8+ Kg5 32. f4+ Kh4 33. g3+ Kxg3 34. Qxh5 Bd7 35. Rf1 1-0

[Event "African Online-ch U20-Open 2021"]
[Site "Online"]
[Date "2021.02.01"]
[Round "3.4"]
[White "Vasco Mateus Felizardo Viageir"]
[Black "Selogelo Othata"]
[Result "1-0"]
[ECO "B42"]
[WhiteElo "1862"]
[BlackElo "1725"]
[Annotator "NA RC"]
[PlyCount "105"]
[EventDate "2021.02.01"]
[EventType "swiss"]
[EventCountry "NET"]
[SourceTitle "playchess.com"]
[Source "ChessBase"]
[SourceQuality "1"]
[TimeControl "1500+10"]

1. e4 c5 2. Nf3 e6 3. d4 cxd4 4. Nxd4 Nf6 5. Bd3 Be7 6. O-O d6 7. Nc3 a6 8. a4 Qc7 9. Be3 O-O 10. Kh1 Nbd7 11. f4 Re8 12. f5 e5 13. Nb3 b6 14. g4 h6 15. g5 hxg5 16. Bxg5 Bb7 17. Qf3 Nh7 (17... d5 $11 18. Bxf6 Nxf6) 18. Bxe7 Rxe7 19. Rg1 f6 20. Qe2 Rc8 21. Bxa6 Bxa6 22. Qxa6 Qc4 23. Qxc4+ Rxc4 24. Rad1 Rc6 25. h4 Ndf8 26. Rd5 Kf7 27. Rd3 $18 g5 28. fxg6+ Nxg6 29. Rdg3 Nf4 30. Rg7+ Kf8 31. Rxe7 Kxe7 32. Rg7+ Ke6 33. Rxh7 d5 34. exd5+ Nxd5 35. Nxd5 Kxd5 36. Rd7+ Ke6 37. Rd2 f5 38. h5 f4 39. h6 Kf5 40. h7 Rc8 41. Rh2 Rh8 42. Kg2 Kg4 43. Nd2 f3+ 44. Nxf3 Kf4 45. Kf2 e4 46. Rh4+ Kf5 47. Nd2 Kg5 48. Rh1 Kf4 49. Ke2 e3 50. Nc4 Kg5 51. Nxb6 Kg6 52. a5 Kf7 53. a6 1-0

[Event "African Online-ch U20-Open 2021"]
[Site "Online"]
[Date "2021.02.01"]
[Round "3.5"]
[White "Joao Farisse"]
[Black "Mohamed Abderrahim, Taleb Mohamed"]
[Result "0-1"]
[ECO "A29"]
[WhiteElo "1574"]
[BlackElo "1799"]
[Annotator "NA RC"]
[PlyCount "174"]
[EventDate "2021.02.01"]
[EventType "swiss"]
[EventCountry "NET"]
[SourceTitle "playchess.com"]
[Source "ChessBase"]
[SourceQuality "1"]
[TimeControl "1500+10"]

1. c4 e5 2. Nc3 Nf6 3. Nf3 Nc6 4. g3 d5 5. cxd5 Nxd5 6. Bg2 Nb6 7. a4 a5 8. O-O Be7 9. d3 O-O 10. Bd2 Be6 11. Rc1 Nd5 12. Nxd5 Bxd5 13. Bc3 Bf6 14. h4 h6 15. Qc2 Qd7 16. Kh2 Rad8 17. Rb1 Rfe8 18. Bh3 Qd6 19. Nd2 Nd4 20. Qd1 b6 21. Bg2 Bxg2 22. Kxg2 Qd5+ 23. Kh2 g6 24. Ne4 Bg7 25. Bxd4 exd4 26. b4 f5 27. Nd2 axb4 28. Rxb4 Qe6 29. Re1 c5 30. Rb2 f4 31. Qb3 Qxb3 32. Rxb3 fxg3+ 33. fxg3 Rd6 34. Ne4 Rc6 35. Reb1 Ree6 36. Rf1 c4 37. Rb5 c3 38. Kg2 h5 39. Rd5 Rxe4 40. dxe4 c2 41. Rd8+ Kh7 42. Rc1 Bh6 43. Rd7+ Kg8 44. Rf1 c1=Q 45. Rd8+ Kh7 46. Rxc1 Bxc1 47. Rxd4 Be3 48. Rd7+ Kh6 49. Kf3 Bc5 50. e5 Re6 51. Ke4 Re7 52. Rd3 Kg7 53. Rd5 Bf2 54. Rd3 Bc5 55. Rd5 Ra7 56. Rd3 Rxa4+ 57. Kd5 Ra7 58. e6 Ra3 59. Rd1 Rxg3 60. Rf1 Re3 61. Rf7+ Kh6 62. Rf4 Rxe2 63. Rf3 Rh2 64. Rf4 Be7 65. Rf7 Bxh4 66. Rb7 Re2 67. Rxb6 Bf6 68. Rb3 h4 69. Rf3 Re5+ 70. Kd6 Rf5 71. Re3 g5 72. e7 Bxe7+ 73. Kxe7 Kh5 74. Ke6 Rf1 75. Rb3 Kg4 76. Rb4+ Rf4 77. Rb5 h3 78. Rb2 Kg3 79. Ke5 g4 80. Rd2 Rf2 81. Rd3+ Kg2 82. Ke4 h2 83. Rd1 h1=Q 84. Rd4 Kg3+ 85. Ke5 Qe1+ 86. Kd5 Rd2 87. Rxd2 Qxd2+ 0-1

[Event "African Online-ch U20-Open 2021"]
[Site "Online"]
[Date "2021.02.01"]
[Round "3.11"]
[White "Elayeb, Med Yessine"]
[Black "Ben Abbes, Ayoub"]
[Result "1-0"]
[ECO "A07"]
[WhiteElo "1666"]
[BlackElo "1481"]
[Annotator "NA RC"]
[PlyCount "59"]
[EventDate "2021.02.01"]
[EventType "swiss"]
[EventCountry "NET"]
[SourceTitle "playchess.com"]
[Source "ChessBase"]
[SourceQuality "1"]
[TimeControl "1500+10"]

1. Nf3 d5 2. g3 Nf6 3. Bg2 Bf5 4. c4 e6 5. Qb3 Qc8 6. Nc3 dxc4 7. Qxc4 Be7 8. e4 Bg4 9. e5 Bxf3 10. Bxf3 Nfd7 11. d4 c6 12. O-O Nb6 13. Qb3 Na6 14. Be3 Nc7 15. h4 Ncd5 16. h5 Qd7 17. Ne4 O-O 18. h6 g6 19. g4 Rfd8 20. Rfd1 Qe8 21. Bg5 Bf6 22. Bxf6 Rd7 23. Nd6 Rxd6 24. exd6 Nxf6 25. a4 Rb8 26. a5 Nbd5 27. g5 Nd7 28. Bxd5 exd5 29. Re1 Qf8 30. Re7 1-0

[Event "African Online-ch U20-Open 2021"]
[Site "Online"]
[Date "2021.02.01"]
[Round "3.12"]
[White "Machinya Desire"]
[Black "Soojay, Jorah"]
[Result "0-1"]
[ECO "B01"]
[WhiteElo "1638"]
[BlackElo "1478"]
[Annotator "NA RC"]
[PlyCount "34"]
[EventDate "2021.02.01"]
[EventType "swiss"]
[EventCountry "NET"]
[SourceTitle "playchess.com"]
[Source "ChessBase"]
[SourceQuality "1"]
[TimeControl "1500+10"]

1. e4 d5 2. exd5 Nf6 3. Nf3 Nxd5 4. c3 Bg4 5. d4 e6 6. Nbd2 Nc6 7. Be2 Bd6 8. Ne4 O-O 9. Nfg5 Bxe2 10. Qxe2 h6 11. Nf3 e5 12. dxe5 Nxe5 13. O-O Re8 14. Nxe5 Rxe5 15. Qf3 Qe7 16. Nxd6 cxd6 17. Rd1 Re1+ 0-1

[Event "African Online-ch U20-Open 2021"]
[Site "Online"]
[Date "2021.02.01"]
[Round "3.13"]
[White "van der Merwe, Alexander"]
[Black "Potgieter, Edward"]
[Result "1-0"]
[ECO "C78"]
[WhiteElo "1655"]
[BlackElo "1229"]
[Annotator "NA RC"]
[PlyCount "115"]
[EventDate "2021.02.01"]
[EventType "swiss"]
[EventCountry "NET"]
[SourceTitle "playchess.com"]
[Source "ChessBase"]
[SourceQuality "1"]
[TimeControl "1500+10"]

1. e4 e5 2. Nf3 Nc6 3. Bb5 a6 4. Ba4 Nf6 5. O-O b5 6. Bb3 Bc5 7. c3 d6 8. a4 Bb7 9. d4 Bb6 10. Bg5 h6 11. Bxf6 Qxf6 12. Bd5 O-O 13. Na3 exd4 14. cxd4 b4 15. Nc4 a5 16. Rc1 Nd8 17. Nxb6 cxb6 18. Bxb7 Nxb7 19. Rc6 Qd8 20. Qc2 Rc8 21. Rc1 Rxc6 22. Qxc6 Qb8 23. Qxb6 Rc8 24. Rc6 Rxc6 25. Qxc6 Nd8 26. Qe8+ Kh7 27. g3 Qc7 28. d5 b3 29. Kg2 Nb7 30. Qc6 Qe7 31. h3 Nc5 32. e5 Nd3 33. Qc3 Nc5 34. exd6 Qxd6 35. Qd4 Kg6 36. Ne5+ Kh7 37. Nxf7 Qd7 38. Qxc5 Qxf7 39. d6 Qb7+ 40. Kh2 h5 41. Qxh5+ Kg8 42. Qf5 Qb6 43. d7 Kh8 44. Qf8+ Kh7 45. d8=Q Qe6 46. Qh8+ Kg6 47. Qde8+ Qxe8 48. Qxe8+ Kh6 49. Qb5 g5 50. Qxa5 g4 51. Qb5 gxh3 52. a5 Kg7 53. a6 Kf7 54. a7 Ke7 55. a8=Q Kf6 56. Qaa6+ Ke7 57. Qbb7+ Kd8 58. Qaa8# 1-0

[Event "African Online-ch U20-Open 2021"]
[Site "Online"]
[Date "2021.02.01"]
[Round "3.14"]
[White "Fourie, Brandon"]
[Black "Lion, Pierre"]
[Result "0-1"]
[ECO "B47"]
[WhiteElo "1583"]
[BlackElo "1586"]
[Annotator "NA RC"]
[PlyCount "26"]
[EventDate "2021.02.01"]
[EventType "swiss"]
[EventCountry "NET"]
[SourceTitle "playchess.com"]
[Source "ChessBase"]
[SourceQuality "1"]
[TimeControl "1500+10"]

1. e4 c5 2. Nf3 e6 3. d4 cxd4 4. Nxd4 Nc6 5. Nc3 Qc7 6. Nxc6 bxc6 7. Bd3 Nf6 8. O-O d5 9. exd5 cxd5 10. Nb5 Qb8 11. Qf3 Be7 12. Re1 O-O 13. Bf4 Qb6 0-1

[Event "African Online-ch U20-Open 2021"]
[Site "Online"]
[Date "2021.02.01"]
[Round "3.16"]
[White "Palmer, Reegan"]
[Black "Pungo, Honorato"]
[Result "0-1"]
[ECO "B23"]
[WhiteElo "1325"]
[BlackElo "1550"]
[Annotator "NA RC"]
[PlyCount "62"]
[EventDate "2021.02.01"]
[EventType "swiss"]
[EventCountry "NET"]
[SourceTitle "playchess.com"]
[Source "ChessBase"]
[SourceQuality "1"]
[TimeControl "1500+10"]

1. e4 c5 2. Nc3 g6 3. f4 Bg7 4. Nf3 e6 5. Bc4 Ne7 6. d3 a6 7. O-O O-O 8. Qe1 Nbc6 9. Qh4 d5 10. Bb3 b5 11. a3 Bb7 12. Ng5 h6 13. Nf3 dxe4 14. Nxe4 Nd4 15. Nfd2 Nxb3 16. Nxb3 c4 17. Nbc5 Bxe4 18. Nxe4 cxd3 19. Rd1 Qb6+ 20. Kh1 Nf5 21. Qh3 dxc2 22. Re1 Rfd8 23. Bd2 Rac8 24. g4 Qb7 25. Qg2 Nd6 26. Ba5 Rd7 27. Nxd6 Qxg2+ 28. Kxg2 Rxd6 29. Bb4 Rd3 30. Kf2 Bxb2 31. Ke2 Rd4 0-1

[Event "African Online-ch U20-Open 2021"]
[Site "Online"]
[Date "2021.02.01"]
[Round "3.17"]
[White "Dutt Dakshesh"]
[Black "Spink, Benjamin M"]
[Result "0-1"]
[ECO "B33"]
[WhiteElo "1549"]
[BlackElo "2110"]
[Annotator "RC"]
[PlyCount "144"]
[EventDate "2021.02.01"]
[EventType "swiss"]
[EventCountry "NET"]
[SourceTitle "playchess.com"]
[Source "ChessBase"]
[SourceQuality "1"]
[TimeControl "1500+10"]

1. e4 c5 2. Nf3 Nc6 3. d4 cxd4 4. Nxd4 Nf6 5. Nc3 e5 6. Nf3 Bb4 7. Bd3 d5 8. exd5 Nxd5 9. Bd2 Nxc3 10. Bxc3 Bxc3+ 11. bxc3 O-O 12. O-O Be6 13. Re1 Qc7 14. Qe2 Bg4 15. h3 Bh5 16. Qe3 Rae8 17. Be4 f6 18. Rab1 Bf7 19. a3 b6 20. Nh4 g6 21. Qf3 f5 22. Bxc6 e4 23. Bxe4 fxe4 24. Qg4 Qxc3 25. Rxe4 Qxc2 26. Reb4 Bd5 27. Qd7 Qxf2+ 28. Kh1 Re1+ 29. Rxe1 Qxe1+ 30. Kh2 Qe5+ 31. Kg1 Rf7 32. Qg4 Be6 33. Qe4 Qxe4 34. Rxe4 Bd5 35. Re5 Bb7 36. g4 Kf8 37. Re3 Kg7 38. Kh2 Rf2+ 39. Kg3 Rf7 40. Rc3 Kf8 41. Rd3 Ke7 42. Rc3 Kd6 43. Rd3+ Kc5 44. Re3 Kd4 45. Re8 Kc4 46. Re1 Rd7 47. Ng2 Bxg2 48. Kxg2 a5 49. Re4+ Kd3 50. Re6 b5 51. Rb6 Kc4 52. Rc6+ Kb3 53. Rb6 b4 54. axb4 axb4 55. Kf2 Kc3 56. Rc6+ Kb2 57. Rb6 b3 58. Ke2 Kc2 59. Rc6+ Kb1 60. Rb6 b2 61. Ke1 Rd5 62. Rc6 Ka2 63. Rc2 Kb3 64. Rc6 b1=Q+ 65. Kf2 Qb2+ 66. Kg3 Qc3+ 67. Kh4 Qxc6 68. Kg3 Qc3+ 69. Kh4 Qf6+ 70. Kg3 Rd3+ 71. Kg2 Qb2+ 72. Kf1 Rd1# 0-1

[Event "African Online-ch U20-Open 2021"]
[Site "Online"]
[Date "2021.02.01"]
[Round "3.18"]
[White "Darius Patlo Banda"]
[Black "Wael, Abdel Rahman"]
[Result "1-0"]
[ECO "D55"]
[WhiteElo "1369"]
[BlackElo "1570"]
[Annotator "NA RC"]
[PlyCount "75"]
[EventDate "2021.02.01"]
[EventType "swiss"]
[EventCountry "NET"]
[SourceTitle "playchess.com"]
[Source "ChessBase"]
[SourceQuality "1"]
[TimeControl "1500+10"]

1. d4 d5 2. c4 e6 3. Nc3 Nf6 4. cxd5 exd5 5. Bg5 Be7 6. Nf3 h6 7. Bh4 O-O 8. e3 Nbd7 9. Bd3 b6 10. O-O Bb7 11. Qc2 c5 12. b3 a6 13. a4 Rc8 14. dxc5 Nxc5 15. Nd4 g5 16. Bg3 Nce4 17. Nde2 Bb4 18. Be5 Bxc3 19. Nxc3 Nxc3 20. Bxc3 d4 21. exd4 Qd5 22. f3 g4 23. Bc4 Qg5 24. f4 Qh5 25. Rae1 Rfe8 26. Re5 Rxe5 27. fxe5 Rxc4 28. bxc4 g3 29. h3 Ne4 30. d5 Nf2 31. Be1 Nd1 32. Bd2 Nf2 33. Be3 Nxh3+ 34. gxh3 Qxe5 35. Bxb6 Qh5 36. Qf5 Qe2 37. Qxf7+ Kh8 38. Bd4+ 1-0